 Dungeon Crawl Stone Soup version 0.26-a0-651-gb41185065b (webtiles) character file.

Game seed: 4578445950569221927

(classic levelgen) 999 EnegeticOcto the Chopper (level 8, 58/73 HPs)
             Began as a Deep Dwarf Fighter on Oct 21, 2020.
             Quit the game on level 6 of the Dungeon.
             The game lasted 00:01:34 (1745 turns).

EnegeticOcto the Chopper (Deep Dwarf Fighter)       Turns: 1745, Time: 00:01:34

Health: 58/73      AC: 10    Str: 22    XL:     8   Next: 0%
Magic:  6/6        EV:  8    Int:  9    God:
Gold:   225        SH: 10    Dex: 12    Spells: 7/7 levels left

rFire    . . .     SeeInvis .   a - +0 war axe
rCold    . . .     Faith    .   c - +0 kite shield
rNeg     . . .     Spirit   .   b - +0 scale mail
rPois    .         Reflect  .   s - +0 helmet
rElec    .         Harm     .   (no cloak)
rCorr    .         Rampage  .   i - +0 pair of gloves
MR       +....                  (no boots)
Stlth    ..........             (no amulet)
HPRegen  0.00/turn              (no ring)
MPRegen  0.10/turn              (no ring)

@: non-regenerating
A: damage resistance, heal wounds, sense surroundings 1, no regeneration
a: Heal Wounds


You were on level 6 of the Dungeon.
You visited 1 branch of the dungeon, and saw 6 of its levels.

You collected 225 gold pieces.

Inventory:

Hand Weapons
 a - a +0 war axe (weapon)
Armour
 b - a +0 scale mail (worn)
 c - a +0 kite shield (worn)
 i - a +0 pair of gloves (worn)
 s - a +0 helmet (worn)
Wands
 v - a wand of iceblast (6) {@v2}
Scrolls
 e - a scroll of enchant armour {unknown}
 f - a scroll of magic mapping {unknown}
 k - 2 scrolls of amnesia {unknown}
 m - 2 scrolls of teleportation {unknown}
 o - 3 scrolls of remove curse {unknown}
 p - a scroll of random uselessness {unknown}
 r - 2 scrolls of blinking {unknown}
 t - a scroll of identify {unknown}
 w - 2 scrolls of noise {unknown}
Potions
 d - a potion of might {@q3}
 g - 2 potions of flight {unknown}
 h - 3 potions of lignification {unknown}
 j - a potion of mutation {unknown}
 l - 4 potions of heal wounds {unknown}
 n - a potion of haste {unknown}
 q - a potion of brilliance {unknown}
 u - 2 potions of berserk rage {unknown}


   Skills:
 + Level 4.5 Fighting
 * Level 6.7 Axes
 + Level 5.6 Armour
 + Level 5.5 Shields


You had 7 spell levels left.
You didn't know any spells.
Your spell library was empty.

Dungeon Overview and Level Annotations

Branches:
Dungeon (6/15)
 Temple: D:4-7

Altars:
Dithmenos
Qazlal
Ru
Xom
Zin

Portals:
Sewer: D:5


Innate Abilities, Weirdness & Mutations

You are resistant to damage.
You can heal yourself by infusing magical energy.
You passively map a small area around you.
You do not regenerate.


Message History

You are too injured to fight recklessly!
You feel much better. The ogre barely misses you.
You slash the ogre!
The ogre is severely wounded.
You block the ogre's attack.
You closely miss the ogre.
The ogre is severely wounded.
The ogre hits you with a +0 giant club!
You are too injured to fight recklessly!
You are too injured to fight recklessly!
You are too injured to fight recklessly!
You are too injured to fight recklessly!
You are too injured to fight recklessly!
You are too injured to fight recklessly!
You are too injured to fight recklessly!
You are too injured to fight recklessly!
You are too injured to fight recklessly!
An ogre is nearby!
You feel much better. The ogre barely misses you.
You slice the ogre!!
You kill the ogre!
No target in view!
No target in view!
No target in view!
No target in view!
No target in view!
No target in view!
No target in view!
No target in view!
Found 7 javelins.
o - 3 scrolls labeled ZIOSIM ZUTOGEA (gained 1)
You see here a ring mail.
h - 3 amethyst potions (gained 1)
You see here a ring mail.
You now have 225 gold pieces (gained 14).
You hear the slow hiss of a very distant avalanche of sand.
m - 2 scrolls labeled HUOGHO WEUSSA (gained 1)
A frilled lizard, a bat, a ball python and a goblin come into view.
The goblin shouts!
Found 10 gold pieces.
There are monsters nearby!
There are monsters nearby!
There are monsters nearby!
There are monsters nearby!
You slash the bat!
You kill the bat!
You hit the ball python.
You kill the ball python!
The goblin enters a dispersal trap!
You blink.
No target in view!
No target in view!
No target in view!
No target in view!
No target in view!
No target in view!
No target in view!
No target in view!
No target in view!
A frilled lizard is nearby!
A frilled lizard is nearby!
A frilled lizard is nearby!
You slice the frilled lizard!!
You kill the frilled lizard!
You have reached level 8!
You feel clever.
You see here a frilled lizard corpse.
A goblin is nearby!
A goblin is nearby!
A goblin is nearby!
A goblin is nearby!
A goblin is nearby!
A goblin is nearby!
Your scale mail prevents you from hitting the goblin.
The goblin hits you but does no damage.
You hit the goblin.
The goblin is heavily wounded.
The goblin hits you but does no damage.
You hit the goblin.
You kill the goblin!
No target in view!
No target in view!
No target in view!
No target in view!
No target in view!
No target in view!
No target in view!
No target in view!
No target in view!
No target in view!
No target in view!
No target in view!
You enter the shallow water.
Moving in this stuff is going to be slow.
Found a shimmering altar of Xom.
An orc comes into view. It is wielding a +1 spear of chaos.
The orc shouts!
You hear a shout!
An orc is nearby!
An orc is nearby!
An orc is nearby!
Are you sure you want to abandon this character and quit the game? (Confirm with "yes".)

* #..#_ * * , * ##.##≈,
* # ###≈.≈#, * #.
#≈##.≈ , , *
#.########.≈#⌠# ≈ *
#........#.#⌠^##
###.##...#⌠.§..#* ,
#........##≈#≈# # ,
#.#.##...†.#@#≈.≈# * *
#.#.###.##)##.#.≈#≈
#.#.# #.##..#.##.o# ,
#...# #..#^≈##.. .#
#..## ####...##.$. ,
#..# #.⌠≈.#≈#. #..##
##.... #≈
#####...############.##
.....#..##...####⌠..≈ ,


You could see an orc.

Vanquished Creatures
  4 ogres
  A necrophage (D:5)
  A centaur (D:5)
  Blork the orc (D:4)
  A scorpion (D:5)
  A hound (D:4)
  2 iguanas (D:4)
  3 orc wizards (D:5)
  4 worker ants
  A hound skeleton (D:5)
  2 adders
  A river rat (D:5)
  A shadow imp (D:5)
  4 oozes
  An adder skeleton (D:5)
  2 leopard geckos
  7 orcs
  4 ball pythons
  8 bats
  4 hobgoblins
  4 jackals (D:4)
  4 kobolds (D:3)
  5 quokkas
  2 frilled lizards
  2 goblins
  A quokka zombie (D:5)
  6 rats
77 creatures vanquished.

Notes
Turn   | Place    | Note
-------+----------+-------------------------------------------
     0 | D:1      | EnegeticOcto the Deep Dwarf Fighter began the quest for the
                  | Orb.
     0 | D:1      | Reached XP level 1. HP: 20/20 MP: 1/1
    84 | D:2      | Reached XP level 2. HP: 20/27 MP: 2/2
   298 | D:3      | Found a shadowy altar of Dithmenos.
   386 | D:3      | Reached skill level 3 in Axes
   386 | D:3      | Reached XP level 3. HP: 30/33 MP: 3/3
   629 | D:2      | Found a glowing silver altar of Zin.
   732 | D:4      | Noticed Blork the orc
   763 | D:4      | Killed Blork the orc
   763 | D:4      | Reached XP level 4. HP: 12/42 MP: 4/4
   809 | D:4      | Reached skill level 4 in Axes
   809 | D:4      | Reached XP level 5. HP: 36/49 MP: 5/5
  1123 | D:5      | Entered Level 5 of the Dungeon
  1129 | D:5      | Noticed a necrophage
  1136 | D:5      | Killed a necrophage
  1136 | D:5      | Reached XP level 6. HP: 29/57 MP: 6/6
  1160 | D:5      | Reached skill level 5 in Axes
  1216 | D:5      | Reached XP level 7. HP: 26/64 MP: 7/7
  1320 | D:5      | Found a sacrificial altar of Ru.
  1375 | D:5      | Found a glowing drain.
  1382 | D:5      | Reached skill level 5 in Armour
  1415 | D:5      | Reached skill level 5 in Shields
  1466 | D:5      | Found a stormy altar of Qazlal.
  1481 | D:5      | Reached skill level 6 in Axes
  1737 | D:6      | Reached XP level 8. HP: 58/73 MP: 6/6
  1743 | D:6      | Found a shimmering altar of Xom.
  1745 | D:6      | Quit the game

Illustrated notes

Levels and vault maps discovered:
D:1:      shiori_arrival_elements, layout_basic, minmay_crystal_room
D:2:      layout_rooms, nicolae_overflow_hidden_temple, lemuel_crystal_altar,
          minmay_curled_crystal, lemuel_statue_altar, uniq_sigmund
D:3:      layout_loops_ring, lemuel_doored_altar,
          nicolae_dithmenos_through_a_glass_darkly, marbit_many_paths,
          bloody_trog, uniq_jessica
D:4:      layout_cave_pools, uniq_blork_the_orc
D:5:      layout_rooms, nicolae_ru_path_of_blood, basic_altar, serial_curves,
          eino_curves_02, eino_curves_01, eino_curves_01, eino_curves_01,
          portal_sewer_entry_b
D:6:      layout_loops_ring, kennysheep_mini_moat, tgw_xom,
          minmay_temple_entry_wispy, nicolae_ossuary_entry_monument,
          minmay_misc_feat_doors

Skill      XL: |  1  2  3  4  5  6  7 |
---------------+----------------------+-----
Axes           | 3 4 5 6 |  6.7
Fighting       | 3 4 |  4.5
Armour         | 4 5 |  5.6
Shields        | 4 5 |  5.5

Action                   |  1- 3 |  4- 6 |  7- 9 || total
-------------------------+-------+-------+-------++-------
Melee: War axe           |   109 |    74 |    68 ||   251
 Abil: Heal Wounds       |     3 |     4 |     6 ||    13
Armor: Scale mail        |    56 |    33 |    24 ||   113
Dodge: Dodged            |    49 |    25 |    14 ||    88
Block: Kite shield       |    67 |    36 |    34 ||   137

Table legend: (Time is in decaauts)
 A = Elapsed time spent in this place.
 B = Non-inter-level travel time spent in this place.
 C = Inter-level travel time spent in this place.
 D = Time resting spent in this place.
 E = Time spent auto-exploring this place.
 F = Levels seen in this place.
 G = Mean time per level.
                   A        B        C        D        E       F      G
               +--------+--------+--------+--------+--------+-----+--------+
         Total |   1837 |   1634 |    203 |      0 |   1042 |   6 |  306.2 |
       Dungeon |   1837 |   1634 |    203 |      0 |   1042 |   6 |  306.2 |
               +--------+--------+--------+--------+--------+-----+--------+

Top non-repeatable levels by time:
     D:5: 566 daAuts
     D:3: 510 daAuts
     D:4: 421 daAuts
     D:2: 175 daAuts
     D:6: 84 daAuts
     D:1: 78 daAuts
